 Dungeon Crawl Stone Soup version 0.29.1-15-g9cfb28693d (webtiles) character file.

Game seed: 1628941942966419353

108 leafyfresh the Sneak (level 4, 0/31 HPs)
             Began as an Octopode Delver on Feb 24, 2023.
             Succumbed to a water moccasin's poison
             ... on level 5 of the Dungeon.
             The game lasted 00:00:56 (156 turns).

leafyfresh the Sneak (Octopode Delver)               Turns: 156, Time: 00:00:56

Health: 0/31       AC:  1    Str: 11    XL:     4   Next: 87%
Magic:  3/7        EV: 13    Int: 14    God:
Gold:   17         SH:  0    Dex: 13    Spells: 7/7 levels left

rFire   . . .      SeeInvis .   a - +0 short sword
rCold   . . .      Faith    .   (no shield)
rNeg    . . .      Spirit   .   (helmet restricted)
rPois   .          Reflect  .   (no amulet)
rElec   .          Harm     .   (no ring)
rCorr   .          Rampage  .   (no ring)
Will    .....                   (no ring)
Stlth   +++++.....              (no ring)
HPRegen 0.10/turn               (no ring)
MPRegen 0.10/turn               (no ring)
                                (no ring)
                                (no ring)

@: lethally poisoned (0 -> -3)
A: almost no armour, amphibious, 8 rings, camouflage 1, gelatinous body 1,
(nimble swimmer 1), tentacles
a: no special abilities


You were on level 5 of the Dungeon.
You visited 1 branch of the dungeon, and saw 1 of its levels.

You collected 17 gold pieces.

Inventory:

Hand Weapons
 a - a +0 short sword (weapon)
Magical Staves
 g - a staff of death
Wands
 f - a wand of digging (3)
Scrolls
 b - a scroll of fog
 c - a scroll of magic mapping
 d - a scroll of fear
 h - a scroll of enchant weapon {unknown}
 i - a scroll of brand weapon {unknown}
Potions
 e - a potion of haste


   Skills:
 - Level 3.0 Fighting
 - Level 2.0 Short Blades
 - Level 2.0 Dodging
 + Level 7.6 Stealth
 + Level 2.0 Spellcasting
 + Level 2.2 Necromancy


You had 7 spell levels left.
You didn't know any spells.
Your spell library contained the following spells:

 Spells                   Type           Power      Damage    Failure   Level
 Necrotise                Necr           28%        1d5       10%         1
 Apportation              Tloc           2%         N/A       24%         1
 Summon Small Mammal      Summ           4%         N/A       24%         1


Dungeon Overview and Level Annotations

Branches:
Dungeon (5/15)
 Temple: D:4-7

Altars:


Innate Abilities, Weirdness & Mutations

You cannot wear most types of armour.
You are amphibious.
You can wear up to eight rings at the same time.
Your skin changes colour to match your surroundings (Stealth+).
Your rubbery body absorbs attacks. (AC +1, EV +1)
((You are camouflaged when in or above water. (Stealth+)))
You have tentacles for arms and can constrict up to eight enemies at once.


Message History

You hit the water moccasin but do no damage.
The water moccasin is almost dead.
You constrict the water moccasin.
The water moccasin completely misses you.
Unknown command.
You hit the water moccasin but do no damage.
The water moccasin is almost dead.
You constrict the water moccasin. The water moccasin bites you.
You are lethally poisoned!
The water moccasin poisons you!
Unknown command.
You barely miss the water moccasin. You squeeze the water moccasin.
You kill the water moccasin!
* * * LOW HITPOINT WARNING * * *
You feel very sick.
Your Stealth skill increases to level 7!
Your Spellcasting skill gained 2 levels and is now at level 2!
Your Necromancy skill gained 2 levels and is now at level 2!
You have reached level 3!
Your experience leads to an increase in your attributes!
Increase (S)trength, (I)ntelligence, or (D)exterity?
You feel clever. x2
You have reached level 4!
There is a lethal amount of poison in your body!
There is a lethal amount of poison in your body!
There is a lethal amount of poison in your body!
There is a lethal amount of poison in your body!
* * * LOW HITPOINT WARNING * * *
You feel very sick.
You see here a water moccasin corpse.
* * * LOW HITPOINT WARNING * * *
You feel sick.
* * * LOW HITPOINT WARNING * * *
You feel sick.
* * * LOW HITPOINT WARNING * * *
You feel sick.
* * * LOW HITPOINT WARNING * * *
You feel sick.
Unknown command.
You die...

#+# #.# #@## #..#
##.# .#####.###
#.........#
########†.#
#..#####
####.....##.
######...........


There were no monsters in sight!

Vanquished Creatures
  A water moccasin (D:5)
  An adder (D:5)
2 creatures vanquished.

Notes
Turn   | Place    | Note
-------+----------+-------------------------------------------
     0 | D:5      | leafyfresh the Octopode Delver began the quest for the Orb.
     0 | D:5      | Reached XP level 1. HP: 16/16 MP: 1/1
    41 | D:5      | Reached XP level 2. HP: 15/21 MP: 1/3
   124 | D:5      | Noticed a small abomination
   134 | D:5      | Noticed a kobold brigand
   139 | D:5      | Noticed a water moccasin
   150 | D:5      | Killed a water moccasin
   151 | D:5      | Reached skill level 7 in Stealth
   151 | D:5      | Reached XP level 3. HP: 8/26 MP: 3/6
   151 | D:5      | Reached XP level 4. HP: 9/31 MP: 3/7
   155 | D:5      | HP: 1/31 [poisoned by a water moccasin]
   156 | D:5      | Succumbed to a water moccasin's poison

Illustrated notes

Levels and vault maps discovered:
D:5:      layout_basic, minmay_temple_entry_trees,
          gammafunk_ghost_abyssal_escape, chequers_garden

Skill      XL: |  1  2 |
---------------+-------+-----
Stealth        | 7 |  7.6
Spellcasting   | 2 |  2.0
Necromancy     | 2 |  2.2
Fighting       | |  3.0
Short Blades   | |  2.0
Dodging        | |  2.0

Action                   |  1- 3 |  4- 6 || total
-------------------------+-------+-------++-------
Melee: Short sword       |    12 |       ||    12
       Tentacles         |     4 |       ||     4
       Constrict         |     2 |       ||     2
Armor: Skin              |     1 |       ||     1
Dodge: Dodged            |     9 |       ||     9
